| TOP OF THE 1ST |
|
Round Rock Express batting - Pitching for Salt Lake Bees : RHP Allen Weaver
|
|
Pitching: RHP Allen Weaver
|
|
|
Batting: LHB Jody Hudson
|
0-0: Ground out 5-3 (Groundball, 56S, EV 81.2 MPH)
|
|
Batting: RHB Adryão Anto
|
0-0: Ball 1-0: Called Strike 1-1: SINGLE (Groundball, 6MD, EV 100.0 MPH)
|
|
Batting: LHB Josh Stuck
|
0-0: Ball 1-0: Ball 2-0: Ball 3-0: Base on Balls Adryão Anto to second
|
|
Batting: RHB Trevor Mock
|
0-0: Ball 1-0: Called Strike 1-1: Swinging Strike 1-2: Foul Ball, location: 2F 1-2: Strikes out swinging
|
|
Batting: RHB Mike Quackenbush
|
0-0: Called Strike 0-1: Ball 1-1: SINGLE (Line Drive, 3D, EV 98.8 MPH) Adryão Anto to third Josh Stuck to second Runner from 3rd tries for Home, SAFE, throw by RF to home Josh Stuck to third Mike Quackenbush to second
|
|
Batting: RHB Martin Guerrero
|
0-0: Fly out, F9 (Flyball, 9, EV 85.6 MPH)
|
| Top of the 1st over - 1 run, 2 hits, 0 errors, 2 left on base; Round Rock 1 - Salt Lake 0 |
| BOTTOM OF THE 1ST |
|
Salt Lake Bees batting - Pitching for Round Rock Express : RHP Andy Zecher
|
|
Pitching: RHP Andy Zecher
|
|
|
Batting: RHB Kian-tat Chen
|
0-0: Ball 1-0: Ball 2-0: Ball 3-0: Called Strike 3-1: Fly out, F9 (Flyball, 9D, EV 96.9 MPH)
|
|
Batting: RHB Melvin Gomez
|
0-0: Ball 1-0: SINGLE (Flyball, 9LS, EV 94.4 MPH)
|
|
Batting: LHB Jonathon Walton
|
0-0: Called Strike Melvin Gomez steals 2nd base (no throw) 0-1: Ball 1-1: Foul Ball, location: 2F 1-2: Ball 2-2: Ball 3-2: Base on Balls
|
|
Batting: LHB Micah Miller
|
0-0: DOUBLE (Line Drive, 78D, EV 109.4 MPH) Melvin Gomez scores Jonathon Walton to third
|
|
Batting: RHB Jeff Long
|
0-0: Called Strike 0-1: Called Strike 0-2: Ball 1-2: Foul Ball, location: 2F 1-2: Ball 2-2: Foul Ball, location: 2F 2-2: Foul Ball, location: 2F 2-2: Strikes out swinging
|
|
Batting: SHB Butch Brown
|
0-0: Called Strike 0-1: Foul Ball, location: 2F 0-2: Foul Ball, location: 2F 0-2: Foul Ball, location: 2F 0-2: Ball 1-2: Ball 2-2: Foul Ball, location: 2F 2-2: Strikes out looking
|
| Bottom of the 1st over - 1 run, 2 hits, 0 errors, 2 left on base; Round Rock 1 - Salt Lake 1 |
| TOP OF THE 2ND |
|
Round Rock Express batting - Pitching for Salt Lake Bees : RHP Allen Weaver
|
|
Batting: RHB Ivan Colon
|
0-0: Called Strike 0-1: Swinging Strike 0-2: Foul Ball, location: 2F 0-2: Fly out, F4 (Popup, 34S, EV 85.0 MPH)
|
|
Batting: RHB C.J. Sagle
|
0-0: Called Strike 0-1: Called Strike 0-2: Ball 1-2: Ball 2-2: Ground out 6-3 (Groundball, 6, EV 83.8 MPH)
|
|
Batting: RHB Luis Arce
|
0-0: Ball 1-0: Swinging Strike 1-1: Ball 2-1: Foul Ball, location: 2F 2-2: Strikes out swinging
|
| Top of the 2nd over - 0 runs, 0 hits, 0 errors, 0 left on base; Round Rock 1 - Salt Lake 1 |
| BOTTOM OF THE 2ND |
|
Salt Lake Bees batting - Pitching for Round Rock Express : RHP Andy Zecher
|
|
Batting: RHB Brandon Davis
|
0-0: Called Strike 0-1: Ball 1-1: Swinging Strike 1-2: Foul Ball, location: 2F 1-2: Strikes out swinging
|
|
Batting: RHB Juan Martinez
|
0-0: Ball 1-0: Called Strike 1-1: Swinging Strike 1-2: Ball 2-2: Strikes out swinging
|
|
Batting: RHB Terry Baginski
|
0-0: Fly out, F9 (Flyball, 89S, EV 84.4 MPH)
|
| Bottom of the 2nd over - 0 runs, 0 hits, 0 errors, 0 left on base; Round Rock 1 - Salt Lake 1 |
| TOP OF THE 3RD |
|
Round Rock Express batting - Pitching for Salt Lake Bees : RHP Allen Weaver
|
|
Batting: LHB Jody Hudson
|
0-0: Swinging Strike 0-1: Called Strike 0-2: Foul Ball, location: 2F 0-2: Strikes out swinging
|
|
DELAY
|
Rain delay of 68 minutes in the 3rd inning.
|
|
Batting: RHB Adryão Anto
|
0-0: Ball 1-0: Swinging Strike 1-1: Called Strike 1-2: Ball 2-2: Foul Ball, location: 2F 2-2: Foul Ball, location: 2F 2-2: Ball 3-2: Fly out, F9 (Flyball, 89M, EV 73.8 MPH)
|
|
Batting: LHB Josh Stuck
|
0-0: Ball 1-0: Called Strike 1-1: Called Strike 1-2: Ball 2-2: Foul Ball, location: 2F 2-2: Strikes out swinging
|
| Top of the 3rd over - 0 runs, 0 hits, 0 errors, 0 left on base; Round Rock 1 - Salt Lake 1 |
| BOTTOM OF THE 3RD |
|
Salt Lake Bees batting - Pitching for Round Rock Express : RHP Andy Zecher
|
|
Batting: RHB Kian-tat Chen
|
0-0: Ball 1-0: Foul Ball, location: 2F 1-1: Foul Ball, location: 2F 1-2: Ball 2-2: Ground out 6-3 (Groundball, 56, EV 90.6 MPH)
|
|
Batting: RHB Melvin Gomez
|
0-0: Ball 1-0: Ball 2-0: Called Strike 2-1: Foul Ball, location: 2F 2-2: Ball 3-2: Base on Balls
|
|
Batting: LHB Jonathon Walton
|
0-0: Called Strike 0-1: Ball 1-1: Called Strike 1-2: Ball 2-2: 2-RUN HOME RUN (Flyball, 9D, EV 98.8 MPH), Distance : 365 ft
|
|
Batting: LHB Micah Miller
|
0-0: Ball 1-0: Swinging Strike 1-1: Ball 2-1: SINGLE (Line Drive, 78S, EV 89.4 MPH)
|
|
Batting: RHB Jeff Long
|
0-0: Swinging Strike 0-1: SINGLE (Groundball, 56D, EV 98.1 MPH) Micah Miller to second
|
|
Batting: SHB Butch Brown
|
0-0: Ball 1-0: Ball 2-0: Ball 3-0: Called Strike 3-1: Base on Balls Micah Miller to third Jeff Long to second
|
|
Batting: RHB Brandon Davis
|
0-0: Ball 1-0: Called Strike 1-1: Foul Ball, location: 2F 1-2: Foul Ball, location: 2F 1-2: Strikes out swinging
|
|
Batting: RHB Juan Martinez
|
0-0: Foul Ball, location: 2F 0-1: Ball 1-1: Ball 2-1: Fly out, F9 (Flyball, 89S, EV 95.6 MPH)
|
| Bottom of the 3rd over - 2 runs, 3 hits, 0 errors, 3 left on base; Round Rock 1 - Salt Lake 3 |
| TOP OF THE 4TH |
|
Round Rock Express batting - Pitching for Salt Lake Bees : RHP Allen Weaver
|
|
Batting: RHB Trevor Mock
|
0-0: Called Strike 0-1: Called Strike 0-2: Ball 1-2: Ball 2-2: Ball 3-2: Foul Ball, location: 2F 3-2: Base on Balls
|
|
Batting: RHB Mike Quackenbush
|
0-0: Swinging Strike 0-1: Ball 1-1: Swinging Strike 1-2: Strikes out swinging
|
|
Batting: RHB Martin Guerrero
|
0-0: Ball Trevor Mock steals 2nd base 1-0: Swinging Strike 1-1: Ball 2-1: Fly out, F3 (Line Drive, 3, EV 71.2 MPH)
|
|
Batting: RHB Ivan Colon
|
0-0: Ball 1-0: Fly out, F9 (Line Drive, 9, EV 103.1 MPH)
|
| Top of the 4th over - 0 runs, 0 hits, 0 errors, 1 left on base; Round Rock 1 - Salt Lake 3 |
| BOTTOM OF THE 4TH |
|
Salt Lake Bees batting - Pitching for Round Rock Express : RHP Andy Zecher
|
|
Pitching: RHP Kurt Vitta
|
|
|
Batting: RHB Terry Baginski
|
0-0: Fly out, F8 (Flyball, 8LM, EV 82.5 MPH)
|
|
Batting: RHB Kian-tat Chen
|
0-0: Called Strike 0-1: Foul Ball, location: 2F 0-2: Ball 1-2: Ball 2-2: Ball 3-2: Strikes out looking
|
|
Batting: RHB Melvin Gomez
|
0-0: Ball 1-0: Swinging Strike 1-1: Swinging Strike 1-2: SINGLE (Groundball, 5S, EV 65.6 MPH) (infield hit)
|
|
Batting: LHB Jonathon Walton
|
0-0: Swinging Strike 0-1: DOUBLE (Line Drive, 89D, EV 105.6 MPH) Melvin Gomez to third Runner from 3rd tries for Home, SAFE, no throw by CF
|
|
Batting: LHB Micah Miller
|
0-0: Ball 1-0: Ball 2-0: Swinging Strike 2-1: Swinging Strike 2-2: Strikes out swinging
|
| Bottom of the 4th over - 1 run, 2 hits, 0 errors, 1 left on base; Round Rock 1 - Salt Lake 4 |
| TOP OF THE 5TH |
|
Round Rock Express batting - Pitching for Salt Lake Bees : RHP Allen Weaver
|
|
Batting: RHB C.J. Sagle
|
0-0: Foul Ball, location: 2F 0-1: Ball 1-1: Called Strike 1-2: Strikes out swinging
|
|
Pitching: RHP George Rosario
|
|
|
Batting: RHB Luis Arce
|
0-0: Called Strike 0-1: Ball 1-1: Foul Ball, location: 2F 1-2: Foul Ball, location: 2F 1-2: Ball 2-2: SINGLE (Line Drive, 4MD, EV 95.0 MPH)
|
|
Batting: LHB Jody Hudson
|
0-0: Ball 1-0: Foul Ball, location: 2F 1-1: DOUBLE (Groundball, 5L, EV 105.6 MPH) Luis Arce to third
|
|
Batting: RHB Adryão Anto
|
0-0: Ball 1-0: Ball 2-0: Ball 3-0: Called Strike 3-1: Foul Ball, location: 2F 3-2: Base on Balls
|
|
Batting: LHB Josh Stuck
|
0-0: Ball 1-0: Ball 2-0: Foul Ball, location: 2F 2-1: Ball 3-1: SINGLE (Groundball, 34, EV 100.0 MPH) Luis Arce scores Jody Hudson to third Adryão Anto to second Runner from 3rd tries for Home, SAFE, throw by RF to home
|
|
Batting: RHB Trevor Mock
|
0-0: Called Strike 0-1: Foul Ball, location: 2F 0-2: Strikes out swinging
|
|
Batting: RHB Mike Quackenbush
|
0-0: Foul Ball, location: 2F 0-1: Ball 1-1: Called Strike 1-2: Fielders Choice at 2nd, 6-4 (Groundball, 6, EV 106.2 MPH)
|
| Top of the 5th over - 2 runs, 3 hits, 0 errors, 2 left on base; Round Rock 3 - Salt Lake 4 |
| BOTTOM OF THE 5TH |
|
Salt Lake Bees batting - Pitching for Round Rock Express : RHP Kurt Vitta
|
|
Batting: RHB Jeff Long
|
0-0: Called Strike 0-1: Ball 1-1: Ball 2-1: SINGLE (Line Drive, 78M, EV 95.0 MPH)
|
|
Batting: SHB Butch Brown
|
0-0: Ball 1-0: Foul Ball, location: 2F 1-1: Called Strike 1-2: Strikes out swinging
|
|
Batting: RHB Brandon Davis
|
0-0: Ball 1-0: Ball 2-0: Called Strike 2-1: Swinging Strike 2-2: Fly out, F4 (Popup, 4M, EV 80.0 MPH)
|
|
Batting: RHB Juan Martinez
|
0-0: Ball 1-0: Foul Ball, location: 2F 1-1: Swinging Strike 1-2: Strikes out swinging
|
| Bottom of the 5th over - 0 runs, 1 hit, 0 errors, 1 left on base; Round Rock 3 - Salt Lake 4 |
| TOP OF THE 6TH |
|
Round Rock Express batting - Pitching for Salt Lake Bees : RHP George Rosario
|
|
Batting: RHB Martin Guerrero
|
0-0: Foul Ball, location: 2F 0-1: Called Strike 0-2: Foul Ball, location: 2F 0-2: Ball 1-2: Ground out U3 (Groundball, 34S, EV 91.2 MPH)
|
|
Batting: RHB Ivan Colon
|
0-0: Swinging Strike 0-1: Ball 1-1: Ball 2-1: Ball 3-1: Base on Balls
|
|
Batting: RHB C.J. Sagle
|
0-0: Called Strike 0-1: Ball 1-1: Grounds into double play, 6-4-3 (Groundball, 6, EV 91.9 MPH)
|
| Top of the 6th over - 0 runs, 0 hits, 0 errors, 0 left on base; Round Rock 3 - Salt Lake 4 |
| BOTTOM OF THE 6TH |
|
Salt Lake Bees batting - Pitching for Round Rock Express : RHP Kurt Vitta
|
|
Batting: RHB Terry Baginski
|
0-0: Called Strike 0-1: Called Strike 0-2: Ball 1-2: Strikes out swinging
|
|
Batting: RHB Kian-tat Chen
|
0-0: Swinging Strike 0-1: Ball 1-1: Ball 2-1: Foul Ball, location: 2F 2-2: Strikes out swinging
|
|
Batting: RHB Melvin Gomez
|
0-0: Ball 1-0: Called Strike 1-1: Ball 2-1: Fly out, F4 (Popup, 34S, EV 73.8 MPH)
|
| Bottom of the 6th over - 0 runs, 0 hits, 0 errors, 0 left on base; Round Rock 3 - Salt Lake 4 |
| TOP OF THE 7TH |
|
Round Rock Express batting - Pitching for Salt Lake Bees : RHP George Rosario
|
|
Pitching: RHP Shane Woods
|
|
|
Batting: RHB Luis Arce
|
0-0: Called Strike 0-1: SINGLE (Line Drive, 78S, EV 86.9 MPH)
|
|
Batting: LHB Jody Hudson
|
0-0: Called Strike Luis Arce steals 2nd base 0-1: Ball 1-1: Foul Ball, location: 2F 1-2: Ball 2-2: Foul Ball, location: 2F 2-2: Ball 3-2: Base on Balls
|
|
Batting: RHB Adryão Anto
|
0-0: Ball 1-0: Ball 2-0: Called Strike 2-1: Grounds into double play, 3-6-3 (Groundball, 34S, EV 82.5 MPH) Luis Arce to third
|
|
Batting: LHB Josh Stuck
|
0-0: Ball 1-0: Called Strike 1-1: Ground out 4-3 (Groundball, 4, EV 81.2 MPH)
|
| Top of the 7th over - 0 runs, 1 hit, 0 errors, 1 left on base; Round Rock 3 - Salt Lake 4 |
| BOTTOM OF THE 7TH |
|
Salt Lake Bees batting - Pitching for Round Rock Express : RHP Kurt Vitta
|
|
Pitching: RHP Mike Webb
|
|
|
Batting: LHB Jonathon Walton
|
0-0: Called Strike 0-1: Ball 1-1: Ball 2-1: SINGLE (Groundball, 13S, EV 67.5 MPH) (infield hit)
|
|
Batting: LHB Micah Miller
|
0-0: Called Strike Jonathon Walton steals 2nd base (no throw) 0-1: Foul Ball, location: 2F 0-2: Ball 1-2: Strikes out swinging
|
|
Batting: RHB Jeff Long
|
0-0: Ball 1-0: Foul Ball, location: 2F 1-1: Ball 2-1: Ground out 6-3 (Groundball, 6, EV 83.8 MPH) Jonathon Walton to third
|
|
Batting: SHB Butch Brown
|
0-0: Foul Ball, location: 2F 0-1: Ball 1-1: Ball 2-1: Called Strike 2-2: Ball 3-2: SINGLE (Groundball, 5S, EV 66.2 MPH) (infield hit) Jonathon Walton scores
|
|
Batting: RHB Brandon Davis
|
0-0: Foul Ball, location: 2F 0-1: Called Strike 0-2: Foul Ball, location: 2F 0-2: SINGLE (Groundball, 34D, EV 103.1 MPH) Butch Brown to second
|
|
Batting: RHB Juan Martinez
|
0-0: Ball 1-0: Fly out, F9 (Flyball, 9LSF, EV 81.9 MPH)
|
| Bottom of the 7th over - 1 run, 3 hits, 0 errors, 2 left on base; Round Rock 3 - Salt Lake 5 |
| TOP OF THE 8TH |
|
Round Rock Express batting - Pitching for Salt Lake Bees : RHP Shane Woods
|
|
Batting: RHB Trevor Mock
|
0-0: Ball 1-0: Swinging Strike 1-1: Ball 2-1: Swinging Strike 2-2: Foul Ball, location: 2F 2-2: Ground out 5-3 (Groundball, 5, EV 86.9 MPH)
|
|
Batting: RHB Mike Quackenbush
|
0-0: Ball 1-0: SINGLE (Groundball, 6MS, EV 68.8 MPH) (infield hit)
|
|
Batting: RHB Martin Guerrero
|
0-0: Ball 1-0: Ball 2-0: Swinging Strike 2-1: Foul Ball, location: 2F 2-2: Ball 3-2: Foul Ball, location: 2F 3-2: Strikes out looking
|
|
Batting: RHB Ivan Colon
|
0-0: Ball 1-0: Ground out 1-3 (Groundball, 34S, EV 66.9 MPH)
|
| Top of the 8th over - 0 runs, 1 hit, 0 errors, 1 left on base; Round Rock 3 - Salt Lake 5 |
| BOTTOM OF THE 8TH |
|
Salt Lake Bees batting - Pitching for Round Rock Express : RHP Mike Webb
|
|
Pitching: LHP John McRight
|
|
|
Batting: RHB Terry Baginski
|
0-0: Ball 1-0: Foul Ball, location: 2F 1-1: Foul Ball, location: 2F 1-2: Strikes out swinging, 2-3 out at first.
|
|
Batting: RHB Kian-tat Chen
|
0-0: Ball 1-0: Called Strike 1-1: Called Strike 1-2: Foul Ball, location: 2F 1-2: Ball 2-2: Ball 3-2: Foul Ball, location: 2F 3-2: Ground out 6-3 (Groundball, 6, EV 87.5 MPH)
|
|
Batting: RHB Melvin Gomez
|
0-0: Ground out 6-3 (Groundball, P, EV 90.0 MPH)
|
| Bottom of the 8th over - 0 runs, 0 hits, 0 errors, 0 left on base; Round Rock 3 - Salt Lake 5 |
| TOP OF THE 9TH |
|
Round Rock Express batting - Pitching for Salt Lake Bees : RHP Shane Woods
|
|
Pitching: RHP Kody Mason
|
|
|
Batting: RHB C.J. Sagle
|
0-0: Foul Ball, location: 2F 0-1: Ball 1-1: Swinging Strike 1-2: Strikes out swinging
|
|
Batting: RHB Luis Arce
|
0-0: Swinging Strike 0-1: Swinging Strike 0-2: SINGLE (Groundball, 5S, EV 71.9 MPH) (infield hit)
|
|
Batting: LHB Jody Hudson
|
0-0: Ball 1-0: Ball 2-0: Called Strike 2-1: Called Strike 2-2: Ball 3-2: Foul Ball, location: 2F 3-2: Foul Ball, location: 2F 3-2: Foul Ball, location: 2F 3-2: Base on Balls Luis Arce to second
|
|
Batting: RHB Adryão Anto
|
0-0: Fielders Choice at 2nd, 5-4 (Groundball, 56, EV 86.9 MPH) Luis Arce to third
|
|
Batting: LHB Josh Stuck
|
0-0: Swinging Strike 0-1: Swinging Strike 0-2: Foul Ball, location: 2F 0-2: Strikes out looking
|
| Top of the 9th over - 0 runs, 1 hit, 0 errors, 2 left on base; Round Rock 3 - Salt Lake 5 |
|